 Dungeon Crawl Stone Soup version 0.18-a0-917-g8a3da5b (webtiles) character file.

560 4thArraOfDagon the Ruffian (level 7, 0/62 HPs)
             Began as a Troll Ice Elementalist on Dec 26, 2015.
             Was an Initiate of Cheibriados.
             Slain by an unseen horror (3 damage)
             ... on level 7 of the Dungeon.
             The game lasted 00:05:22 (1018 turns).

4thArraOfDagon the Ruffian (Troll Ice Elementalist) Turns: 1018, Time: 00:05:22

Health: 0/62       AC:  5    Str: 18    XL:     7   Next: 9%
Magic:  7/7        EV: 10    Int: 13    God:    Cheibriados [......]
Gold:   70         SH:  0    Dex: 12    Spells: 1 memorised, 7 levels left

rFire  . . .     SeeInvis .       - Unarmed
rCold  . . .     Gourm    +     a - +0 robe
rNeg   . . .     Faith    .     (no shield)
rPois  .         Spirit   .     (helmet restricted)
rElec  .         Dismiss  .     (no cloak)
rCorr  .         Reflect  .     (gloves unavailable)
SustAt .         Harm     .     (boots unavailable)
MR     .....                    l - amulet of regeneration
Stlth  +.........               (no ring)
                                (no ring)

@: very slightly contaminated, invisible, very slow, not resistant to hostile
enchantments, very unstealthy
A: unfitting armour, claws 3, fast metabolism 3, gourmand, regeneration 2,
shaggy fur 1, tough skin 2
a: Bend Time, Renounce Religion


You were on level 7 of the Dungeon.
You worshipped Cheibriados.
Cheibriados was noncommittal.
You were not hungry.

You visited 2 branches of the dungeon, and saw 8 of its levels.
You also visited: Bailey.

You collected 70 gold pieces.

Inventory:

Armour
 a - a +0 robe (worn)
Jewellery
 l - an amulet of regeneration (around neck)
Scrolls
 d - 4 scrolls of identify
 e - a scroll of magic mapping
 f - 4 scrolls of fear {unknown}
 g - a scroll of immolation {unknown}
 h - a scroll of enchant armour {unknown}
 m - a scroll of recharging {unknown}
Potions
 i - 4 potions of flight
Books
 b - a book of Frost

   Spells                             Type                      Level
   a - Freeze                         Ice                          1
   b - Throw Frost                    Conjuration/Ice              2
   c - Ozocubu's Armour               Charms/Ice                   3
   d - Throw Icicle                   Conjuration/Ice              4
   e - Summon Ice Beast               Ice/Summoning                4
   f - Condensation Shield            Ice                          4
Comestibles
 c - 4 bread rations
 j - a meat ration


   Skills:
 + Level 1.1 Fighting
 + Level 2.2 Dodging
 - Level 1.1 Stealth
 * Level 6.7 Unarmed Combat
 - Level 1.2 Spellcasting
   Level 0.6 Conjurations
 - Level 2.1 Ice Magic
 + Level 1.3 Invocations


You had 7 spell levels left.
You knew the following spells:

 Your Spells              Type           Power        Failure   Level  Hunger
a - Freeze                Ice            #...         12%         1    ##.....


Dungeon Overview and Level Annotations

Branches:
Dungeon (7/15)             Temple (1/1) D:6

Altars:
Ashenzari
Cheibriados
Gozag
Vehumet
Yredelemnul


Innate Abilities, Weirdness & Mutations

You are too large for most types of armour.
You have claws for hands.
Your metabolism is lightning-fast.
You like to eat raw meat.
You heal very quickly.
You are covered in fur (AC +1).
You have very tough skin (AC +2).


Message History

* * * LOW HITPOINT WARNING * * *
Something hits you!
* * * LOW HITPOINT WARNING * * *
You are very lightly contaminated with residual magic.
Unknown command.
Unknown command.
You aren't carrying any items that can be evoked.
Unknown command.
Drink which item? (? for menu, Esc to quit)
Okay, then.
Read which item? (? for menu, Esc to quit)
As you read the scroll labeled OHEGIS LENIA, it crumbles to dust.
You feel aware of your surroundings.
You sensed 3 altars.
It was a scroll of magic mapping.
Something hits you.
* * * LOW HITPOINT WARNING * * *
Unknown command.
Drink which item? (? for menu, Esc to quit)
Okay, then.
You claw something! Something hits you but does no damage. Something hits you.
You die...

,,,,,,*+*****,,,,,,,,,,,,,,,**,,,
,,,,,,,.......,,***,,,,,,,,,,,,**
,,,,,,.........**_**,,,,,,,,,,***
,,,,,,........#*,,,**,,,,,,,,,* *
,,,,,,........#⌠,,,⌠*,,,,,,,,,***
,,,,,,........#*,,,**,,,,,,,,,,**
..............#**,**,,,,,,,,,,,,*
..............#♣#+#*,,,,,,,,,,,,,
..............'.@.♣*,,,,,,,,,,,,,
..............#♣#+#*,,,,,,,,,,,,,
..............#**,**,,,,,,,,,,,,,
..............#*,,,**,,,,,,,,,,,,
..............#⌠,,,⌠*,,,,,,,,,,,,
#.............##,,,**,,,,,,,,,,,,
##....<........##_**,,,,,,,,,,,,,
................###.,,,,,,,,,,,,,
.....................,,,,,,,,,,,,


There were no monsters in sight!

Vanquished Creatures
  A hippogriff (D:7)
  A phantom (D:4)
  A giant frog (Temple)
  2 hounds
  2 centaur zombies
  An orc priest (D:3)
  A giant frog zombie (D:6)
  4 adders
  3 adder zombies (D:6)
  An adder skeleton (D:5)
  6 orcs
  A ball python (D:5)
  4 jackals (D:5)
  A kobold (D:3)
  2 quokkas (D:3)
  2 bats
  A giant gecko (D:3)
  A giant gecko skeleton (D:6)
  2 giant newts
  4 goblins (D:7)
  2 jackal zombies
  3 rats
46 creatures vanquished.

Notes
Turn   | Place    | Note
--------------------------------------------------------------
     0 | D:1      | 4thArraOfDagon the Troll Ice Elementalist began the quest for the Orb.
     0 | D:1      | Reached XP level 1. HP: 16/16 MP: 1/1
   120 | D:3      | Reached skill level 1 in Unarmed Combat
   149 | D:3      | Reached XP level 2. HP: 24/24 MP: 0/2
   255 | D:3      | Reached skill level 3 in Unarmed Combat
   255 | D:3      | Reached XP level 3. HP: 11/31 MP: 0/3
   355 | D:4      | Noticed a phantom
   392 | D:4      | Killed a phantom
   392 | D:4      | Reached skill level 4 in Unarmed Combat
   392 | D:4      | Reached XP level 4. HP: 22/39 MP: 4/4
   392 | D:4      | Reached XP level 5. HP: 25/45 MP: 5/5
   449 | D:4      | Reached skill level 5 in Unarmed Combat
   512 | D:5      | Entered Level 5 of the Dungeon
   696 | D:6      | Found a staircase to the Ecumenical Temple.
   705 | Temple   | Entered the Ecumenical Temple
   713 | Temple   | Reached skill level 6 in Unarmed Combat
   713 | Temple   | Reached XP level 6. HP: 37/53 MP: 6/6
   722 | Temple   | not again
   727 | Temple   | Became a worshipper of Cheibriados the Contemplative
   771 | D:7      | Found a flagged portal.
   771 | D:7      | Noticed a hippogriff
   778 | D:7      | Killed a hippogriff
   778 | D:7      | Reached skill level 1 in Fighting
   778 | D:7      | Reached skill level 1 in Invocations
   792 | Bailey   | Entered a bailey
   799 | Bailey   | Noticed an orc knight
   802 | Bailey   | Noticed an orc knight
   806 | Bailey   | Noticed an orc knight
   872 | D:6      | Reached XP level 7. HP: 56/62 MP: 7/7
  1016 | D:7      | HP: 3/62 [something (7)]
  1018 | D:7      | Slain by an unseen horror

Vault maps used:
D:1:      matt_arrival_grand_opening, serial_bayou_pond_e
D:2:      lightli_temple_of_fire, serial_bayou_pond_b, uniq_natasha,
          uniq_sigmund
D:5:      first_bread
D:6:      gammafunk_temple_overflow_claw, minmay_temple_entry_junction,
          serial_undead, serial_undead_b, serial_undead_c, serial_undead_a,
          serial_undead_a, serial_undead_a
D:7:      amethyst_overflow_temple_binary, nicolae_ru_awakened_eye,
          enter_bailey_3, grunt_livestock, st_stairs_14
Temple:   nicolae_temple_god_jail
Bailey:   bailey_axe_4, bailey

Action                   |  1- 3 |  4- 6 |  7- 9 || total
-------------------------+-------+-------+-------++-------
Melee: Unarmed           |    63 |    80 |    23 ||   166
 Cast: Freeze            |     4 |       |       ||     4
  Use: Potion            |     1 |       |     1 ||     2
       Scroll            |       |       |     2 ||     2
 Stab: Sleeping          |       |     1 |       ||     1
  Eat: Chunk             |     8 |     3 |       ||    11
